[Event "FAI-ch Master 2021"]
[Site "Klaksvik"]
[Date "2021.03.27"]
[Round "1.1"]
[White "Hojgaard, Samson"]
[Black "Berg, Margar M."]
[Result "0-1"]
[ECO "A40"]
[WhiteElo "1999"]
[BlackElo "1942"]
[Annotator "NA"]
[PlyCount "84"]
[EventDate "2021.03.27"]
[EventType "tourn"]
[EventCountry "FAI"]
[SourceTitle "playchess.com"]
[Source "ChessBase"]
[SourceQuality "1"]
[TimeControl "40/5400+30:900+30"]

1. d4 b6 2. c4 e6 3. a3 Bb7 4. Nc3 Nf6 5. Bg5 Be7 6. e3 c5 7. Nf3 O-O 8. Be2 cxd4 9. Qxd4 h6 10. Bh4 Nc6 11. Qd2 Na5 12. Qc2 Rc8 13. b3 d5 14. O-O dxc4 15. b4 Nb3 16. Rad1 Nd5 17. Bg3 Qe8 18. Ne4 f5 19. Nd6 Bxd6 20. Bxd6 b5 21. Bxf8 Qxf8 22. Nd4 Nxd4 23. Rxd4 a5 24. bxa5 Qxa3 25. e4 Qc3 26. Qd1 Nf4 27. Bf3 Bxe4 28. Rd8+ Rxd8 29. Qxd8+ Kh7 30. Bxe4 fxe4 31. Qb6 Qd3 32. a6 c3 33. a7 Ne2+ 34. Kh1 Nf4 35. Ra1 c2 36. Qe3 Nd5 37. Qe1 Nc7 38. Qc1 b4 39. h3 b3 40. Qa3 Qc3 41. Kh2 Qe5+ 42. g3 b2 0-1

[Event "FAI-ch Master 2021"]
[Site "Klaksvik"]
[Date "2021.03.27"]
[Round "1.2"]
[White "Nielsen, Hogni Egilstoft"]
[Black "Poulsen, Martin"]
[Result "1/2-1/2"]
[ECO "B01"]
[WhiteElo "2384"]
[BlackElo "2285"]
[Annotator "NA"]
[PlyCount "114"]
[EventDate "2021.03.27"]
[EventType "tourn"]
[EventCountry "FAI"]
[SourceTitle "playchess.com"]
[Source "ChessBase"]
[SourceQuality "1"]
[TimeControl "40/5400+30:900+30"]

1. e4 d5 2. exd5 Qxd5 3. Nc3 Qd6 4. d4 Nf6 5. Be2 c6 6. Nf3 Bg4 7. h3 Bxf3 8. Bxf3 g6 9. O-O Bg7 10. Nb5 Qd8 11. Na3 O-O 12. Nc4 Nbd7 13. c3 Qc7 14. Qb3 Nb6 15. Re1 Nxc4 16. Qxc4 e6 17. a4 Nd5 18. Bg5 Rfe8 19. Bh4 Bh6 20. Bg3 Bf4 21. Bxf4 Qxf4 22. a5 Qd6 23. g3 b5 24. Qc5 Red8 25. Rad1 Qc7 26. Rc1 Rac8 27. b3 Qd6 28. Red1 Qxc5 29. dxc5 b4 30. c4 Nc3 31. Rxd8+ Rxd8 32. Rc2 e5 33. Bxc6 Rc8 34. Bg2 Rxc5 35. a6 e4 36. Rd2 Rc6 37. Rd8+ Kg7 38. Rb8 Rxa6 39. Rxb4 Rb6 40. Rxb6 axb6 41. b4 Kf6 42. f4 Ke6 43. Kf2 f5 44. Ke3 Kd6 45. g4 Na2 46. gxf5 gxf5 47. c5+ bxc5 48. bxc5+ Kxc5 49. Bxe4 fxe4 50. Kxe4 Kd6 51. Kf5 Nc3 52. Kf6 Nd5+ 53. Kg7 h5 54. f5 Ke5 55. Kg6 Nf4+ 56. Kg5 Nxh3+ 57. Kxh5 Kxf5 1/2-1/2

[Event "FAI-ch Master 2021"]
[Site "Klaksvik"]
[Date "2021.03.27"]
[Round "1.3"]
[White "Nolsoe, Rani"]
[Black "Simonsen, Hans Kristian"]
[Result "0-1"]
[ECO "A40"]
[WhiteElo "2068"]
[BlackElo "2128"]
[Annotator "NA"]
[PlyCount "124"]
[EventDate "2021.03.27"]
[EventType "tourn"]
[EventCountry "FAI"]
[SourceTitle "playchess.com"]
[Source "ChessBase"]
[SourceQuality "1"]
[TimeControl "40/5400+30:900+30"]

1. d4 e6 2. Bf4 b6 3. e3 Bb7 4. Nf3 Nf6 5. Bd3 Be7 6. h3 d6 7. O-O Nbd7 8. Nbd2 h6 9. e4 g5 10. Bg3 g4 11. hxg4 Nxg4 12. e5 Rg8 13. Be4 Bxe4 14. Nxe4 d5 15. Ned2 Nf8 16. Qe2 Ng6 17. Qb5+ Qd7 18. Qxd7+ Kxd7 19. Nh2 Nxh2 20. Bxh2 Nh4 21. Bg3 Nf5 22. c3 Rg4 23. Bh2 Rag8 24. g3 h5 25. Kh1 c5 26. dxc5 bxc5 27. Rad1 Kc6 28. Rfe1 Ra4 29. a3 c4 30. Nf3 Bc5 31. Re2 Ra6 32. Nh4 Nh6 33. Nf3 Rb6 34. Nd4+ Bxd4 35. Rxd4 Nf5 36. Rdd2 Rbb8 37. Kg2 Rg6 38. Kf1 Rbg8 39. Ke1 h4 40. Kd1 hxg3 41. Bxg3 Nxg3 42. fxg3 Rxg3 43. Rf2 R8g7 44. Rde2 Kd7 45. Kc2 Ke7 46. b3 cxb3+ 47. Kxb3 d4 48. Rc2 R7g5 49. Rf4 dxc3 50. Rcf2 Rxe5 51. Rxf7+ Kd6 52. Rxa7 Rc5 53. Rc2 Rc8 54. Rh7 Rd3 55. a4 e5 56. a5 Kd5 57. Rd7+ Ke4 58. Rh7 Rd5 59. Rh4+ Kd3 60. Rh3+ Kd4 61. Rcxc3 Rxc3+ 62. Rxc3 Rxa5 0-1

[Event "FAI-ch Master 2021"]
[Site "Klaksvik"]
[Date "2021.03.27"]
[Round "1.4"]
[White "Johansen, Haldur Suni"]
[Black "Apol, Luitjen Akselsson"]
[Result "1/2-1/2"]
[ECO "B94"]
[WhiteElo "1997"]
[BlackElo "2103"]
[Annotator "NA"]
[PlyCount "68"]
[EventDate "2021.03.27"]
[EventType "tourn"]
[EventCountry "FAI"]
[SourceTitle "playchess.com"]
[Source "ChessBase"]
[SourceQuality "1"]
[TimeControl "40/5400+30:900+30"]

1. e4 c5 2. Nf3 d6 3. d4 cxd4 4. Nxd4 Nf6 5. Nc3 a6 6. Bg5 Nbd7 7. Bc4 Qa5 8. Qd2 e6 9. O-O-O Be7 10. Kb1 h6 11. Be3 Ng4 12. f4 Nxe3 13. Qxe3 Qc5 14. Bb3 O-O 15. Rd3 Nf6 16. h3 b5 17. g4 Bd7 18. g5 hxg5 19. fxg5 Nh5 20. g6 Qe5 21. Nce2 fxg6 22. Nf3 Rxf3 23. Qxf3 a5 24. a3 b4 25. axb4 axb4 26. Rd5 exd5 27. Bxd5+ Be6 28. Bxa8 Bf6 29. c3 bxc3 30. Nxc3 Nf4 31. Rd1 g5 32. Rd2 Qa5 33. Bd5 Nxd5 34. Rxd5 Bxd5 1/2-1/2

[Event "FAI-ch Master 2021"]
[Site "Klaksvik"]
[Date "2021.03.28"]
[Round "2.1"]
[White "Berg, Margar M."]
[Black "Apol, Luitjen Akselsson"]
[Result "1-0"]
[ECO "E61"]
[WhiteElo "1942"]
[BlackElo "2103"]
[Annotator "NA"]
[PlyCount "85"]
[EventDate "2021.03.27"]
[EventType "tourn"]
[EventCountry "FAI"]
[SourceTitle "playchess.com"]
[Source "ChessBase"]
[SourceQuality "1"]
[TimeControl "40/5400+30:900+30"]

1. d4 Nf6 2. c4 g6 3. Nc3 Bg7 4. g3 O-O 5. Bg2 d6 6. e3 Nbd7 7. Nge2 e5 8. O-O Re8 9. b3 Qe7 10. Bb2 Nf8 11. Rc1 h5 12. Qe1 N8h7 13. Nd5 Nxd5 14. cxd5 e4 15. Nc3 Nf6 16. Rc2 a6 17. Re2 Bf5 18. Qd2 Bh6 19. Bc1 h4 20. h3 Bd7 21. a4 Kg7 22. g4 Nxg4 23. hxg4 h3 24. Bxe4 f5 25. f3 fxe4 26. Nxe4 Bxg4 27. Ng3 Qh4 28. Kh2 Bd7 29. Qe1 Qf6 30. Qf2 b5 31. f4 bxa4 32. bxa4 Bxa4 33. Rg1 Kh7 34. e4 Bb5 35. e5 Qf7 36. e6 Qf6 37. Rc2 Rac8 38. f5 Bxc1 39. fxg6+ Qxg6 40. Rgxc1 Re7 41. Nf5 Rg7 42. Nxg7 Qxg7 43. Qh4+ 1-0

[Event "FAI-ch Master 2021"]
[Site "Klaksvik"]
[Date "2021.03.28"]
[Round "2.2"]
[White "Simonsen, Hans Kristian"]
[Black "Johansen, Haldur Suni"]
[Result "1-0"]
[ECO "A35"]
[WhiteElo "2128"]
[BlackElo "1997"]
[Annotator "NA"]
[PlyCount "95"]
[EventDate "2021.03.27"]
[EventType "tourn"]
[EventCountry "FAI"]
[SourceTitle "playchess.com"]
[Source "ChessBase"]
[SourceQuality "1"]
[TimeControl "40/5400+30:900+30"]

1. Nf3 Nf6 2. c4 c5 3. Nc3 Nc6 4. g3 d6 5. Bg2 e6 6. O-O Be7 7. d4 cxd4 8. Nxd4 Bd7 9. Ndb5 Qb8 10. Bf4 Ne5 11. Qb3 Bc6 12. Rfd1 Bxg2 13. Kxg2 a6 14. Na3 O-O 15. c5 d5 16. e4 Nfd7 17. exd5 Nxc5 18. Qc2 g5 19. Bxe5 Qxe5 20. Nc4 Qf5 21. Qxf5 exf5 22. d6 Bd8 23. Rd5 Ne4 24. Nxe4 fxe4 25. g4 Rc8 26. Ne3 Rc6 27. Rad1 f6 28. R1d4 Re8 29. Nf5 Kf7 30. d7 Re5 31. Nd6+ Ke6 32. Nxb7 Ke7 33. Nxd8 Kxd8 34. Rxe5 fxe5 35. Rxe4 Re6 36. Rb4 h6 37. Rb7 Rd6 38. a4 e4 39. b4 Rd2 40. Kf1 Rd4 41. h3 Rd3 42. Ra7 Rb3 43. Rxa6 Rxb4 44. a5 Ra4 45. Rxh6 Kxd7 46. a6 Ke7 47. a7 Kf7 48. Rh8 1-0

[Event "FAI-ch Master 2021"]
[Site "Klaksvik"]
[Date "2021.03.28"]
[Round "2.3"]
[White "Poulsen, Martin"]
[Black "Nolsoe, Rani"]
[Result "1-0"]
[ECO "A01"]
[WhiteElo "2285"]
[BlackElo "2068"]
[Annotator "NA"]
[PlyCount "51"]
[EventDate "2021.03.27"]
[EventType "tourn"]
[EventCountry "FAI"]
[SourceTitle "playchess.com"]
[Source "ChessBase"]
[SourceQuality "1"]
[TimeControl "40/5400+30:900+30"]

1. b3 e5 2. Bb2 Nc6 3. c4 Nf6 4. Nc3 d5 5. cxd5 Nxd5 6. g3 Be6 7. Bg2 Be7 8. Nf3 O-O 9. O-O f6 10. d4 exd4 11. Nxd4 Nxd4 12. Qxd4 Nxc3 13. Qxc3 c6 14. Be4 a5 15. Qe3 Bh3 16. Rfd1 Qc7 17. Qd3 h6 18. Qc4+ Kh8 19. Bc2 Rad8 20. Qe4 f5 21. Qe6 Rd6 22. Qe3 Rxd1+ 23. Rxd1 Bf6 24. Bxf6 Rxf6 25. Qe8+ Kh7 26. Qh5 1-0

[Event "FAI-ch Master 2021"]
[Site "Klaksvik"]
[Date "2021.03.28"]
[Round "2.4"]
[White "Hojgaard, Samson"]
[Black "Nielsen, Hogni Egilstoft"]
[Result "1/2-1/2"]
[ECO "A46"]
[WhiteElo "1999"]
[BlackElo "2384"]
[Annotator "NA"]
[PlyCount "98"]
[EventDate "2021.03.27"]
[EventType "tourn"]
[EventCountry "FAI"]
[SourceTitle "playchess.com"]
[Source "ChessBase"]
[SourceQuality "1"]
[TimeControl "40/5400+30:900+30"]

1. d4 Nf6 2. Nf3 e6 3. Bg5 c5 4. e3 Qb6 5. Qc1 Nc6 6. c3 Be7 7. Bd3 d6 8. Nbd2 e5 9. O-O Be6 10. h3 h6 11. dxc5 dxc5 12. Bxf6 Bxf6 13. Qc2 O-O 14. Bc4 Na5 15. Bxe6 Qxe6 16. Nb3 Qb6 17. Nfd2 Rac8 18. Nxa5 Qxa5 19. Ne4 Be7 20. c4 f5 21. Nc3 e4 22. Nd5 Bd6 23. f3 Rce8 24. fxe4 fxe4 25. Rxf8+ Bxf8 26. Rf1 Bd6 27. Qe2 Qd8 28. Qg4 Qg5 29. Qd7 Qe5 30. Qf7+ Kh8 31. Nf4 Kh7 32. Rd1 Bb8 33. Rd5 Qe7 34. Qf5+ Kg8 35. Rd7 Bxf4 36. exf4 Qe6 37. Qxe6+ Rxe6 38. Rxb7 e3 39. Kf1 Re4 40. Ke2 Rxc4 41. Kxe3 Rc2 42. Kf3 a5 43. a3 c4 44. g3 c3 45. bxc3 Rxc3+ 46. Kg4 Rxa3 47. Ra7 a4 48. Kh4 Kf8 49. f5 Rf3 1/2-1/2

[Event "FAI-ch Master 2021"]
[Site "Klaksvik"]
[Date "2021.03.29"]
[Round "3.1"]
[White "Nielsen, Hogni Egilstoft"]
[Black "Berg, Margar M."]
[Result "1-0"]
[ECO "B08"]
[WhiteElo "2384"]
[BlackElo "1942"]
[Annotator "RC"]
[PlyCount "67"]
[EventDate "2021.03.27"]
[EventType "tourn"]
[EventCountry "FAI"]
[SourceTitle "playchess.com"]
[Source "ChessBase"]
[SourceQuality "1"]
[TimeControl "40/5400+30:900+30"]

1. e4 g6 2. d4 d6 3. Nf3 Nf6 4. Nc3 Bg7 5. h3 O-O 6. Be3 b6 7. Bd3 Bb7 8. O-O Nbd7 9. Nd2 c5 10. d5 Ne5 11. Be2 a6 12. a4 e6 13. f4 Ned7 14. Bf3 exd5 15. exd5 Re8 16. Bf2 Qc7 17. Nc4 Re7 18. Qd3 Rae8 19. Bg3 Bc8 20. Bh2 Qb8 21. Kh1 b5 22. axb5 axb5 23. Na5 c4 24. Qd1 Bb7 25. Nc6 Bxc6 26. dxc6 Nc5 27. f5 Nce4 28. Nxe4 Nxe4 29. f6 Bxf6 30. Bxe4 Rxe4 31. Rxf6 Qb6 32. Qd5 Re1+ 33. Rf1 Qf2 34. Raxe1 1-0

[Event "FAI-ch Master 2021"]
[Site "Klaksvik"]
[Date "2021.03.30"]
[Round "4.2"]
[White "Poulsen, Martin"]
[Black "Apol, Luitjen Akselsson"]
[Result "1-0"]
[ECO "A00"]
[WhiteElo "2285"]
[BlackElo "2103"]
[Annotator "ChessBase"]
[PlyCount "53"]
[EventDate "2021.03.27"]
[EventType "tourn"]
[EventCountry "FAI"]
[SourceTitle "playchess.com"]
[Source "ChessBase"]
[SourceQuality "1"]
[TimeControl "40/5400+30:900+30"]

1. g3 g6 2. Bg2 Bg7 3. c4 d6 4. d4 Nf6 5. Nc3 O-O 6. e3 Nbd7 7. Nge2 e5 8. O-O Re8 9. b3 e4 10. Qc2 Qe7 11. g4 Nxg4 12. Qxe4 Qh4 13. Qxe8+ Nf8 14. h3 Nf6 15. Qd8 Bxh3 16. Qxa8 Bxg2 17. Kxg2 Ng4 18. Ng3 Qh2+ 19. Kf3 h5 20. Nd1 Qh4 21. Rh1 Qf6+ 22. Ke2 d5 23. Qxb7 h4 24. Ne4 dxe4 25. Qxe4 Nh6 26. Rxh4 Nf5 27. Rg4 1-0

[Event "FAI-ch Master 2021"]
[Site "Klaksvik"]
[Date "2021.03.30"]
[Round "4.3"]
[White "Hojgaard, Samson"]
[Black "Johansen, Haldur Suni"]
[Result "1/2-1/2"]
[ECO "A35"]
[WhiteElo "1999"]
[BlackElo "1997"]
[Annotator "ChessBase"]
[PlyCount "53"]
[EventDate "2021.03.27"]
[EventType "tourn"]
[EventCountry "FAI"]
[SourceTitle "playchess.com"]
[Source "ChessBase"]
[SourceQuality "1"]
[TimeControl "40/5400+30:900+30"]

1. Nf3 Nf6 2. c4 c5 3. Nc3 Nc6 4. e3 d6 5. Be2 g6 6. O-O Bg7 7. b3 O-O 8. Bb2 a6 9. h3 Rb8 10. Rc1 Ne4 11. Qc2 Nxc3 12. Bxc3 e5 13. Rfd1 Qe7 14. d4 Re8 15. dxc5 dxc5 16. Nd2 f5 17. Nb1 Be6 18. Rd2 Red8 19. Rcd1 Rxd2 20. Rxd2 Rd8 21. Kf1 Rxd2 22. Qxd2 Qd7 23. Ke1 Qxd2+ 24. Bxd2 Kf7 25. Kd1 Ke7 26. Bc3 Bf6 27. Kd2 1/2-1/2

[Event "FAI-ch Master 2021"]
[Site "Klaksvik"]
[Date "2021.04.01"]
[Round "6.3"]
[White "Nielsen, Hogni Egilstoft"]
[Black "Apol, Luitjen Akselsson"]
[Result "1-0"]
[ECO "B20"]
[WhiteElo "2384"]
[BlackElo "2103"]
[Annotator "RC"]
[PlyCount "75"]
[EventDate "2021.03.27"]
[EventType "tourn"]
[EventCountry "FAI"]
[SourceTitle "playchess.com"]
[Source "ChessBase"]
[SourceQuality "1"]
[TimeControl "40/5400+30:900+30"]

1. e4 c5 2. a3 e5 3. Bc4 Nc6 4. d3 g6 5. Nc3 Bg7 6. Nge2 Nge7 7. O-O d6 8. b4 cxb4 9. axb4 Be6 10. b5 Nd4 11. Bg5 h6 12. Bxe7 Qxe7 13. Nxd4 exd4 14. Nd5 Bxd5 15. Bxd5 O-O 16. Ra2 Qc7 17. Qg4 Kh7 18. Rfa1 h5 19. Qg5 Bh6 20. Qf6 Bg7 21. Qh4 Bh6 22. g3 Kg7 23. Qh3 Bd2 24. Rxa7 Rxa7 25. Rxa7 Qxc2 26. Rxb7 Qd1+ 27. Kg2 h4 28. Qe6 Kh6 29. Rxf7 Rxf7 30. Qxf7 h3+ 31. Kxh3 Kh5 32. e5 Qf1+ 33. Bg2 Qxd3 34. e6 Qxb5 35. Bf3+ Kg5 36. Kg2 Qc4 37. Qf8 Qxe6 38. h4# 1-0

[Event "FAI-ch Master 2021"]
[Site "Klaksvik"]
[Date "2021.04.02"]
[Round "7.1"]
[White "Johansen, Haldur Suni"]
[Black "Berg, Margar M."]
[Result "0-1"]
[ECO "B96"]
[WhiteElo "1997"]
[BlackElo "1942"]
[Annotator "NA"]
[PlyCount "80"]
[EventDate "2021.03.27"]
[EventType "tourn"]
[EventCountry "FAI"]
[SourceTitle "playchess.com"]
[Source "ChessBase"]
[SourceQuality "1"]
[TimeControl "40/5400+30:900+30"]

1. e4 c5 2. Nf3 d6 3. d4 cxd4 4. Nxd4 Nf6 5. Nc3 a6 6. Bg5 e6 7. f4 Nbd7 8. Qf3 Qc7 9. O-O-O b5 10. f5 Ne5 11. Qg3 b4 12. Bxf6 gxf6 13. Nce2 Bb7 14. fxe6 Bxe4 15. exf7+ Kxf7 16. Qb3+ Ke8 17. Ng3 Bg6 18. Qxb4 Rb8 19. Qa4+ Kf7 20. Ngf5 d5 21. Qxa6 Rb6 22. Qa8 Bxf5 23. Nxf5 Kg6 24. Ne3 Bh6 25. Qxh8 Bxe3+ 26. Kb1 Rb8 27. Bd3+ Nxd3 28. Qxb8 Qxb8 29. Rxd3 d4 30. g3 Qb7 31. Rhd1 Qg2 32. c4 Qxh2 33. a4 Qxg3 34. b4 Qc7 35. c5 f5 36. Kb2 f4 37. Kb3 Qf7+ 38. Ka3 f3 39. b5 f2 40. Rf1 Qc4 0-1

[Event "FAI-ch Master 2021"]
[Site "Klaksvik"]
[Date "2021.04.02"]
[Round "7.2"]
[White "Apol, Luitjen Akselsson"]
[Black "Nolsoe, Rani"]
[Result "1/2-1/2"]
[ECO "C41"]
[WhiteElo "2103"]
[BlackElo "2068"]
[Annotator "NA"]
[PlyCount "89"]
[EventDate "2021.03.27"]
[EventType "tourn"]
[EventCountry "FAI"]
[SourceTitle "playchess.com"]
[Source "ChessBase"]
[SourceQuality "1"]
[TimeControl "40/5400+30:900+30"]

1. e4 e5 2. Nf3 d6 3. d4 exd4 4. Nxd4 Nf6 5. Nc3 Be7 6. g3 O-O 7. Bg2 Re8 8. O-O Bf8 9. h3 Nbd7 10. Re1 Nc5 11. Bf4 a5 12. a4 Nfd7 13. b3 Ne5 14. Qd2 Ne6 15. Be3 Nxd4 16. Bxd4 Nc6 17. Be3 Nb4 18. Nb5 Nc6 19. Rad1 Be6 20. Kh2 Be7 21. f4 Bf6 22. Qf2 Qc8 23. Bc1 Bd7 24. Ba3 Nb4 25. Nd4 Nc6 26. Ne2 g6 27. Qf3 Bg7 28. Rd2 f5 29. Nc3 fxe4 30. Rxe4 Rxe4 31. Nxe4 Qf8 32. Qd3 Qf5 33. Rf2 h5 34. g4 hxg4 35. hxg4 Qxg4 36. Ng5 Qh5+ 37. Kg1 Bd4 38. Kf1 Re8 39. Be4 Bf5 40. Qc4+ d5 41. Bxd5+ Kg7 42. Bxc6 Qd1+ 43. Kg2 Qg4+ 44. Kf1 Qd1+ 45. Kg2 1/2-1/2

[Event "FAI-ch Master 2021"]
[Site "Klaksvik"]
[Date "2021.04.02"]
[Round "7.3"]
[White "Simonsen, Hans Kristian"]
[Black "Nielsen, Hogni Egilstoft"]
[Result "0-1"]
[ECO "D37"]
[WhiteElo "2128"]
[BlackElo "2384"]
[Annotator "ChessBase"]
[PlyCount "98"]
[EventDate "2021.03.27"]
[EventType "tourn"]
[EventCountry "FAI"]
[SourceTitle "playchess.com"]
[Source "ChessBase"]
[SourceQuality "1"]
[TimeControl "40/5400+30:900+30"]

1. c4 Nf6 2. Nf3 e6 3. Nc3 d5 4. d4 Be7 5. Bf4 O-O 6. e3 c6 7. Qc2 Nbd7 8. a3 Re8 9. h3 Nf8 10. Bd3 Ng6 11. Bg3 Bd6 12. Bxd6 Qxd6 13. Bxg6 hxg6 14. e4 dxe4 15. Nxe4 Qf4 16. Ng3 c5 17. dxc5 Bd7 18. O-O Bc6 19. Qc1 e5 20. Ng5 Rad8 21. Qe3 Rd2 22. Rfe1 Rxb2 23. Rac1 Rd8 24. Qxf4 exf4 25. Nf1 Kf8 26. Rc3 a5 27. h4 a4 28. Rec1 Ne4 29. Nxe4 Bxe4 30. f3 Bf5 31. c6 bxc6 32. c5 Be6 33. Re1 Ra2 34. Rcc1 Rb8 35. Re4 Rxa3 36. Rxf4 Rb2 37. Re1 Kg8 38. Rd4 Rc2 39. Rb1 Rb3 40. Ra1 Rbb2 41. Ne3 Re2 42. Ra3 Rb3 43. Rd3 Rxa3 44. Rxa3 Bb3 45. Ng4 Ra2 46. Rxa2 Bxa2 47. Ne5 Bd5 48. Nd3 a3 49. Nb4 Bb3 0-1

[Event "FAI-ch Master 2021"]
[Site "Klaksvik"]
[Date "2021.04.02"]
[Round "7.4"]
[White "Poulsen, Martin"]
[Black "Hojgaard, Samson"]
[Result "1-0"]
[ECO "B02"]
[WhiteElo "2285"]
[BlackElo "1999"]
[Annotator "ChessBase"]
[PlyCount "65"]
[EventDate "2021.03.27"]
[EventType "tourn"]
[EventCountry "FAI"]
[SourceTitle "playchess.com"]
[Source "ChessBase"]
[SourceQuality "1"]
[TimeControl "40/5400+30:900+30"]

1. e4 Nf6 2. Nc3 d5 3. e5 Ne4 4. Nce2 f6 5. d3 Ng5 6. Bxg5 fxg5 7. h4 g4 8. d4 c5 9. dxc5 Nc6 10. Nd4 Qa5+ 11. c3 Qxc5 12. Bb5 a6 13. Bxc6+ bxc6 14. Nge2 g6 15. h5 Bg7 16. hxg6 Bxe5 17. gxh7 Qb6 18. Qd3 c5 19. Nb3 Qd6 20. Qe3 Rb8 21. Nxc5 Rxb2 22. Nd3 Rxe2+ 23. Kxe2 Bxc3 24. Rac1 d4 25. Qe5 Qxe5+ 26. Nxe5 Bf5 27. Rh5 e6 28. Rch1 Be4 29. Rg5 Bxh7 30. Rgh5 d3+ 31. Nxd3 Bxd3+ 32. Kxd3 Rxh5 33. Rxh5 1-0